 Dungeon Crawl Stone Soup version 0.17.1-3-g152610e (webtiles) character file.

6183 Mysteryquy the Cleaver (level 10, -12/73 HPs)
             Began as a Demonspawn Gladiator on Mar 1, 2016.
             Was an Initiate of Gozag.
             Mangled by an ogre
             ... wielding a +0 giant club
              (17 damage)
             ... on level 9 of the Dungeon.
             The game lasted 00:17:15 (8548 turns).

Mysteryquy the Cleaver (Demonspawn Gladiator)       Turns: 8548, Time: 00:17:15

Health: -12/73     AC: 15    Str: 19    XL:     10   Next: 60%
Magic:  10/10      EV:  5    Int: 10    God:    Gozag
Gold:   1232       SH:  0    Dex: 13    Spells: 0 memorised, 9 levels left

rFire  + . .     SeeInvis .     F - +0 battleaxe
rCold  . . .     Clarity  .     K - +0 plate armour
rNeg   . . .     SustAt   .     (shield currently unavailable)
rPois  .         Gourm    .     (helmet restricted)
rElec  .         Spirit   .     A - +0 cloak
rCorr  .         Warding  .     x - +0 pair of gloves
rMut   .         Stasis   .     (no boots)
MR     +....                    (no amulet)
Stlth  ..........               s - ring of protection from magic
                                f - ring of protection from fire

@: lethally poisoned (-12 -> -12), somewhat resistant to hostile enchantments,
extremely unstealthy
A: antennae 1, icy blue scales 2, nightstalker 1, powered by death 1
a: Potion Petition, Call Merchant, Bribe Branch, Renounce Religion


You were on level 9 of the Dungeon.
You worshipped Gozag.
Gozag was noncommittal.
You were not hungry.

You visited 1 branch of the dungeon, and saw 9 of its levels.

You collected 1398 gold pieces.
You paid 166 gold pieces to Gozag.

Inventory:

Hand Weapons
 a - a +0 war axe
 F - a +0 battleaxe (weapon)
Missiles
 d - 3 throwing nets (quivered)
Armour
 b - a +0 leather armour
 c - a +0 helmet
 k - a +0 chain mail
 x - a +0 pair of gloves (worn)
 A - a +0 cloak (worn)
 K - a +0 plate armour (worn)
Rods
 y - a +0 rod of ignition (12/12)
   (You found it on level 6 of the Dungeon)
Jewellery
 e - an uncursed ring of magical power {unknown}
 f - a ring of protection from fire (left hand)
 s - a ring of protection from magic (right hand)
Wands
 o - a wand of digging (14)
 E - a wand of digging (10)
Scrolls
 g - 6 scrolls of identify {unknown}
 h - a scroll of random uselessness {unknown}
 i - 7 scrolls of remove curse {unknown}
 l - 3 scrolls of immolation {unknown}
 m - a scroll of teleportation {unknown}
 n - 2 scrolls of enchant weapon {unknown}
 q - 2 scrolls of fear {unknown}
 B - 2 scrolls of amnesia {unknown}
 D - a scroll of noise {unknown}
 J - a scroll of brand weapon {unknown}
 L - a scroll of blinking {unknown}
Potions
 j - 4 potions of haste {unknown}
 p - a potion of brilliance {unknown}
 r - a potion of might
 t - 2 potions of flight {unknown}
 u - a potion of curing {unknown}
 v - 2 potions of resistance {unknown}
 w - a potion of magic {unknown}
 z - a potion of heal wounds {unknown}
 C - a potion of berserk rage {unknown}
 N - a potion of cure mutation {unknown}
Books
 O - a book of Cantrips

   Spells                             Type                      Level
   a - Corona                         Hexes                        1
   b - Animate Skeleton               Necromancy                   1
   c - Summon Small Mammal            Summoning                    1
   d - Apportation                    Translocation                1
Comestibles
 G - 6 bread rations
 H - 4 meat rations


   Skills:
 + Level 4.7 Fighting
 + Level 13.4 Axes
 + Level 4.2 Throwing
 - Level 2.6 Dodging


You had 9 spell levels left.
You didn't know any spells.

Dungeon Overview and Level Annotations

Branches:
Dungeon (9/15)             Temple (0/1) D:4            Lair (0/8) D:8
    Orc: D:9-12

Altars:
Ashenzari
Elyvilon
Fedhas
Gozag
Kikubaaqudgha
Nemelex Xobeh
Okawaru
Ru
Sif Muna
Vehumet
Xom
The Shining One

Annotations:
D:8 exclusion: 3 electric eels


Innate Abilities, Weirdness & Mutations

You have a pair of small antennae on your head.
You are mostly covered in icy blue scales (AC +3, EV -1).
You are slightly more attuned to the shadows.
You regenerate a little health from kills.


Message History

* * * LOW HITPOINT WARNING * * *
Your plate armour prevents you from hitting the ogre.
The ogre is almost dead.
The ogre hits you with a giant club.
* * * LOW HITPOINT WARNING * * *
You hit the ogre but do no damage.
The ogre is almost dead.
The ogre hits you with a giant club.
* * * LOW HITPOINT WARNING * * *
You barely miss the ogre.
The ogre is almost dead.
You feel sick. The ogre hits you with a giant club.
* * * LOW HITPOINT WARNING * * *
You barely miss the ogre.
The ogre is almost dead.
You hit the ogre but do no damage.
The ogre is almost dead.
The ogre hits you with a giant club!
You die...
Your body crumbles into a pile of gold.

..# #...############ #. ..#
#..............######.
..##########.....................
...............#########.........
...............# #.........
'#########.....# #.....$...
....... #.....# #.....$...
....... #.....####+#+##......###
....... +......@OY.$...Y....##
##########.....#######......##
...............# #.....##
...............# #.....#
...########<...# ##....#
...#......#....# #....#
####......#....# #....#
..........+....# ..........#....#
$


You could see a yak and an ogre.

Vanquished Creatures
  Pikel (D:6)
  The ghost of KrozogBurug the Conjurer, a novice OgWz (D:5)
  The ghost of Clownie the Cleaver, a novice DDWr (D:6)
  A troll (D:8)
  A two-headed ogre (D:8)
  Sigmund (D:3)
  7 yaks (D:9)
  3 wolves (D:8)
  Edmund (D:4)
  3 slaves (D:6)
  2 water moccasins
  A sky beast (D:6)
  2 phantoms
  3 ogres
  3 ice beasts
  3 centaurs
  A big kobold (D:8)
  A water moccasin zombie (D:7)
  4 scorpions
  5 giant frogs
  A gnoll sergeant (D:6)
  4 crimson imps
  3 jellies
  5 hounds
  An orc priest (D:5)
  A centaur skeleton (D:4)
  A giant frog skeleton (D:6)
  Jessica (D:4)
  3 iguanas
  4 orc wizards
  4 worker ants
  A hound skeleton (D:4)
  A worker ant zombie (D:6)
  3 gnolls
  14 adders
  A shadow imp (D:6)
  An ooze (D:3)
  An adder skeleton (D:3)
  4 worms
  5 giant geckos
  16 orcs
  5 bats
  8 giant cockroaches
  5 hobgoblins
  12 jackals
  15 kobolds
  4 quokkas
  2 ball pythons
  A giant gecko skeleton (D:4)
  4 giant newts
  5 goblins
  A jackal zombie (D:7)
  7 rats
189 creatures vanquished.

Notes
Turn   | Place    | Note
--------------------------------------------------------------
     0 | D:1      | Mysteryquy the Demonspawn Gladiator began the quest for the Orb.
     0 | D:1      | Reached XP level 1. HP: 16/16 MP: 1/1
   101 | D:1      | Reached skill level 3 in Axes
   305 | D:1      | Gained mutation: You are partially covered in icy blue scales (AC +1). [demonic ancestry]
   305 | D:1      | Reached XP level 2. HP: 22/22 MP: 2/2
   862 | D:2      | Reached XP level 3. HP: 27/27 MP: 3/3
   914 | D:2      | Reached skill level 4 in Axes
  1510 | D:2      | Gained mutation: You are mostly covered in icy blue scales (AC +3, EV -1). [demonic ancestry]
  1510 | D:2      | Reached XP level 4. HP: 30/33 MP: 4/4
  1747 | D:3      | Found an ancient bone altar of Kikubaaqudgha.
  1784 | D:3      | Found an opulent altar of Gozag.
  1801 | D:3      | Became a worshipper of Gozag Ym Sagoz the Greedy
  1881 | D:3      | Noticed Sigmund
  1891 | D:3      | Killed Sigmund
  1891 | D:3      | Reached skill level 6 in Axes
  1891 | D:3      | Gained mutation: You are slightly more attuned to the shadows. [demonic ancestry]
  1891 | D:3      | Reached XP level 5. HP: 29/38 MP: 5/5
  1954 | D:3      | Reached XP level 6. HP: 41/44 MP: 6/6
  2178 | D:3      | Found a shattered altar of Ashenzari.
  2282 | D:4      | Found a staircase to the Ecumenical Temple.
  2285 | D:4      | Found a radiant altar of Vehumet.
  2290 | D:4      | Found a blossoming altar of Fedhas.
  2290 | D:4      | Noticed Edmund
  2504 | D:4      | Reached skill level 7 in Axes
  2561 | D:4      | Gained mutation: You regenerate a little health from kills. [demonic ancestry]
  2561 | D:4      | Reached XP level 7. HP: 36/50 MP: 7/7
  2703 | D:4      | Found an opulent altar of Gozag.
  2764 | D:4      | Killed Edmund
  2930 | D:4      | Found an iron altar of Okawaru.
  3024 | D:4      | Reached skill level 8 in Axes
  3102 | D:4      | Noticed Jessica
  3110 | D:4      | Found a deep blue altar of Sif Muna.
  3122 | D:4      | Killed Jessica
  3268 | D:4      | Found a sacrificial altar of Ru.
  3323 | D:5      | Entered Level 5 of the Dungeon
  3561 | D:5      | Noticed KrozogBurug's ghost (novice OgWz)
  3701 | D:6      | Reached skill level 9 in Axes
  3701 | D:6      | Gained mutation: You have a pair of small antennae on your head. [demonic ancestry]
  3701 | D:6      | Reached XP level 8. HP: 30/56 MP: 8/8
  3856 | D:6      | Found a shimmering altar of Xom.
  3984 | D:6      | Noticed Clownie's ghost (novice DDWr)
  4094 | D:6      | Killed Clownie's ghost
  4094 | D:6      | Reached skill level 10 in Axes
  4795 | D:6      | Found a shimmering altar of Xom.
  4797 | D:6      | Found a shimmering altar of Xom.
  4799 | D:6      | Found a shimmering altar of Xom.
  4799 | D:6      | Found a shimmering altar of Xom.
  4800 | D:6      | Found a shimmering altar of Xom.
  4800 | D:6      | Found a shimmering altar of Xom.
  5047 | D:5      | Killed KrozogBurug's ghost
  5047 | D:5      | Reached skill level 11 in Axes
  5047 | D:5      | Reached XP level 9. HP: 33/61 MP: 9/9
  5094 | D:5      | HP: 3/61 [poisoned by KrozogBurug's ghost]
  5814 | D:7      | Reached skill level 12 in Axes
  5843 | D:7      | Noticed Pikel
  6155 | D:7      | Found a sparkling altar of Nemelex Xobeh.
  6155 | D:7      | Found a white marble altar of Elyvilon.
  6642 | D:6      | Killed Pikel
  6751 | D:7      | Reached skill level 13 in Axes
  6956 | D:8      | Reached XP level 10. HP: 60/67 MP: 10/10
  7105 | D:8      | Found a glowing golden altar of the Shining One.
  7697 | D:8      | Found a staircase to the Lair.
  8546 | D:9      | HP: 3/73 [ogre/giant club (4)]
  8548 | D:9      | Mangled by an ogre

Action                   |  1- 3 |  4- 6 |  7- 9 | 10-12 || total
-------------------------+-------+-------+-------+-------++-------
Melee: War axe           |   130 |   143 |   220 |       ||   493
       Battleaxe         |       |       |   215 |   166 ||   381
Invok: Potion Petition   |       |       |     1 |     1 ||     2
 Stab: Distracted        |       |     1 |     1 |     4 ||     6
       Invisible         |       |       |     4 |       ||     4
  Eat: Chunk             |     2 |     1 |     3 |       ||     6
       Meat ration       |       |     1 |       |       ||     1
       Bread ration      |       |       |     2 |       ||     2
       Fruit             |       |       |       |     3 ||     3
       Royal jelly       |       |       |       |     1 ||     1
       Beef jerky        |       |       |       |     1 ||     1
